 Dungeon Sprint DCSS version 0.27.1-1-g398f81649c (webtiles) character file.

Game seed: 8838331543850312060

368 Groucho the Unseen (level 6, -3/28 HPs)
             Began as a Spriggan Enchanter on Sept 5, 2021.
             Slain by a neqoxec (14 damage)
             ... in the Dungeon (Sprint II: "The Violet Keep of Menkaure").
             The game lasted 00:02:14 (1227 turns).

Groucho the Unseen (Spriggan Enchanter)             Turns: 1227, Time: 00:02:14

Health: -3/28      AC:  2    Str:  6      XL:     6   Next: 41%
Magic:  8/18       EV: 17    Int: 12 (16) God:
Gold:   486        SH:  0    Dex: 16      Spells: 10/22 levels left

rFire    . . .     SeeInvis +   a - +1 dagger
rCold    . . .     Faith    .   (shield restricted)
rNeg     . . .     Spirit   .   b - +0 robe
rPois    .         Reflect  .   (helmet restricted)
rElec    .         Harm     .   (no cloak)
rCorr    .         Rampage  .   (gloves unavailable)
Will     +....     NoTele   +   (boots unavailable)
Stlth    ++++++....             (no amulet)
HPRegen  0.09/turn              (no ring)
MPRegen  0.16/turn              (no ring)

@: confusing by touch, very quick
A: very small, no large weapons, unfitting armour, see invisible, speed 3
a: no special abilities


You were in the Dungeon.
You visited 1 branch You collected 486 gold pieces.

Inventory:

Hand Weapons
 a - a +1 dagger (weapon)
Armour
 b - a +0 robe (worn)
Scrolls
 h - a scroll of blinking
Potions
 e - a potion of haste
 f - 2 potions of magic


   Skills:
 + Level 1.1 Short Blades
 + Level 2.6 Dodging
 + Level 15.1 Stealth
 + Level 8.5 Spellcasting
 + Level 8.9 Hexes


You had 10 spell levels left.
You knew the following spells:

 Your Spells              Type           Power      Damage    Failure   Level
a - Corona                Hex            28%        N/A       1%          1
b - Ensorcelled Hibernat  Hex/Ice        30%        N/A       3%          2
c - Confusing Touch       Hex            26%        N/A       1%          3
d - Dazzling Flash        Conj/Hex       30%        N/A       7%          3
e - Tukima's Dance        Hex            26%        N/A       1%          3

Your spell library contained the following spells:

 Spells                   Type           Power      Damage    Failure   Level


Dungeon Overview and Level Annotations

Branches:
Dungeon (1/1)

Altars:


Innate Abilities, Weirdness & Mutations

You are very small and have problems with some larger weapons.
You are too small for most types of armour.
You have supernaturally acute eyesight. (SInv)
You cover ground extremely quickly. (Speed+++)


Message History

You closely miss the neqoxec. The neqoxec gestures at you.
You feel dopey. Something feeds on your intellect! The neqoxec misses you.
You hit the neqoxec but do no damage. The neqoxec hits you.
You hit the neqoxec but do no damage.
The neqoxec appears confused.
You hit the neqoxec.
The neqoxec is lightly wounded.
The neqoxec closely misses you.
You closely miss the neqoxec.
The neqoxec is lightly wounded.
The neqoxec closely misses you.
You completely miss the neqoxec.
The neqoxec is lightly wounded.
You barely miss the neqoxec.
The neqoxec is lightly wounded.
The neqoxec gestures at you.
You feel dopey. Something feeds on your intellect!
You hit the neqoxec.
The neqoxec is lightly wounded.
The neqoxec hits you!
Ouch! That really hurt!
* * * LOW HITPOINT WARNING * * *
Unknown command.
You feel better.
Unknown command.
You hit the neqoxec but do no damage. The neqoxec barely misses you.
Unknown command.
Casting: Confusing Touch (safe; 1% risk of failure)
Confirm with . or Enter, or press ? or * to list all spells.
Your hands begin to glow red.
The neqoxec barely misses you.
Unknown command.
You hit the neqoxec but do no damage.
The neqoxec hits the neqoxec.
The neqoxec completely misses you.
You hit the neqoxec but do no damage.
The neqoxec is lightly wounded.
The neqoxec hits you!
Ouch! That really hurt!
You die...

##+##
##.#.##
#.†#.†#
#####.###
#.###'#
###.##.##
+.##'.<.+
#...##@##
##.###3#
### .3.
.##.3 ##
###


You could see 3 neqoxecs.

Vanquished Creatures
  A neqoxec (D)
  4 scorpions (D)
  3 worms (D)
8 creatures vanquished.

Vanquished Creatures (others)
  A water moccasin (D)
1 creature vanquished.

Grand Total: 9 creatures vanquished

Notes
Turn   | Place    | Note
-------+----------+-------------------------------------------
     0 | D        | Groucho the Spriggan Enchanter began the quest for the Orb.
     0 | D        | Reached XP level 1. HP: 9/9 MP: 5/5
     5 | D        | Reached skill level 6 in Stealth
    14 | D        | Killed a water moccasin
   307 | D        | Reached skill level 7 in Stealth
   646 | D        | Reached XP level 2. HP: 9/13 MP: 7/7
   655 | D        | Learned a level 2 spell: Ensorcelled Hibernation
  1003 | D        | Noticed a scorpion
  1003 | D        | Noticed a scorpion
  1005 | D        | Noticed a scorpion
  1005 | D        | Noticed a scorpion
  1006 | D        | Killed a scorpion
  1007 | D        | Reached skill level 10 in Stealth
  1007 | D        | Reached skill level 5 in Spellcasting
  1007 | D        | Reached skill level 5 in Hexes
  1007 | D        | Reached XP level 3. HP: 16/16 MP: 7/10
  1007 | D        | Killed a scorpion
  1008 | D        | Reached skill level 11 in Stealth
  1008 | D        | Reached XP level 4. HP: 21/21 MP: 8/13
  1009 | D        | Killed a scorpion
  1010 | D        | Reached skill level 12 in Stealth
  1010 | D        | Reached XP level 5. HP: 24/24 MP: 9/15
  1184 | D        | Reached skill level 13 in Stealth
  1194 | D        | Learned a level 3 spell: Confusing Touch
  1198 | D        | Learned a level 3 spell: Dazzling Flash
  1202 | D        | Learned a level 3 spell: Tukima's Dance
  1206 | D        | Noticed a neqoxec
  1206 | D        | Noticed a neqoxec
  1206 | D        | Noticed a neqoxec
  1206 | D        | Noticed a neqoxec
  1213 | D        | Killed a neqoxec
  1214 | D        | Reached skill level 15 in Stealth
  1214 | D        | Reached XP level 6. HP: 28/28 MP: 12/18
  1227 | D        | Slain by a neqoxec

Illustrated notes

Levels and vault maps discovered:
D:        the_violet_keep_of_menkaure [sprint2_stairs_cluster_1,
          sprint2_shoproom, sprint2_temple, sprint2_basic_supplies,
          sprint2_obstacle_3, sprint2_obstacle_2, sprint2_obstacle_5,
          sprint2_obstacle_4, sprint2_obstacle_6, sprint2_timed_cluster_1,
          sprint2_smallroom_cluster_1, sprint2_smallroom_final_cluster_1,
          sprint2_transparent_cluster_1, sprint2_second_timed_cluster_1,
          sprint2_sniper_area_1, sprint2_heavy_combat_area_1,
          sprint2_mutation_trap_area_1, sprint2_forest_area_1,
          sprint2_light_combat_area_1, sprint2_behind_water_1,
          sprint2_near_end_vault_1]

Skill      XL: |  1  2  3  4  5 |
---------------+----------------+-----
Stealth        | 7 10 11 12 15 | 15.1
Spellcasting   | 3 5 6 8 |  8.5
Hexes          | 4 5 6 7 8 |  8.9
Short Blades   | |  1.1
Dodging        | |  2.6

Action                   |  1- 3 |  4- 6 || total
-------------------------+-------+-------++-------
Melee: Dagger            |    25 |    18 ||    43
 Cast: Confusing Touch   |       |     3 ||     3
  Use: Potion            |     1 |     2 ||     3
 Stab: Sleeping          |     3 |     2 ||     5
       Confused          |       |     2 ||     2
Dodge: Dodged            |     9 |     8 ||    17
